 Dungeon Crawl Stone Soup version 0.31-a0-1616-gbeaec30b81 (webtiles) character file.

Game seed: 3968532818228849137

2381223 Implojin the Wrestler (level 27, 203/203 HPs)
             Began as a Hill Orc Berserker on Jan 10, 2024.
             Was an Elder of Okawaru.
             Escaped with the Orb
             ... and 4 runes
             ... and 1 gem (intact) on Jan 11, 2024!
             The game lasted 02:18:27 (70694 turns).

Implojin the Wrestler (Hill Orc Berserker)         Turns: 70694, Time: 02:18:28

Health: 203/203    AC: 42    Str: 33    XL:     27
Magic:  32/32      EV: 26    Int:  7    God:    Okawaru [****..]
Gold:   3633       SH: 27    Dex: 23    Spells: 26/26 levels left

rFire   + +          .
                       - Unarmed
rCold   + + +        F - +2 tower shield {rF+}
rNeg    . . .        J - +0 gold dragon scales
rPois   +            V - +2 hat
rElec   +            s - +4 dragonskin cloak
rCorr   .            T - +2 pair of gloves {Str+3}
SInv    .            X - +2 pair of boots {Fly}
Will    ++++.        p - amulet "Deupp" {rElec rC+ Will+ Regen+} Stlth
                     E - ring of Cet Xaph {Will+ Str+6 Dex+3}
HPRegen 1.33/turn    m - +5 ring of evasion
MPRegen 0.23/turn

%: no passive effects
@: flying
A: iridescent scales 1, cold resistance 1, frail 2, poison resistance
0: Orb of Zot
}: 4/15 runes: serpentine, barnacled, slimy, silver
a: Renounce Religion, Heroism, Finesse


You escaped.
You worshipped Okawaru.
Okawaru was greatly pleased with you.
You visited 10 branches of the dungeon, and saw 50 of its levels.

You collected 5851 gold pieces.
You spent 2218 gold pieces at shops.

Inventory:

Missiles
 a - 10 throwing nets
 e - 2 poisoned darts
 f - 16 javelins
 q - 46 boomerangs (quivered)
 y - 24 curare-tipped darts
 A - 2 darts of dispersal
 P - 13 silver javelins
Armour
 g - a +2 cloak
 s - the +4 dragonskin cloak (worn)
   (You took it off Tiamat on level 2 of the Realm of Zot)

   Avatar's Aegis: It grants the wearer a chance to resist fire, cold, poison,
   electricity, acid, and negative energy.
 F - a +2 tower shield of fire resistance (worn)
 I - +2 fire dragon scales
 J - +0 gold dragon scales (worn)
 K - a +1 tower shield of protection
 M - the +0 helmet of Byompoil {Str+3}
   (You found it on level 5 of the Vaults)

   Str+3:     It affects your strength (+3).
 T - a +2 pair of gloves of strength (worn)
 V - a +2 hat (worn)
 X - a +2 pair of boots of flying (worn)
 Y - a +1 plate armour of poison resistance
 Z - a scarf of resistance
Jewellery
 c - a ring of see invisible
 i - a ring of poison resistance
 m - a +5 ring of evasion (right hand)
 o - a ring of willpower
 p - the amulet "Deupp" (around neck) {rElec rC+ Will+ Regen+}
   (You acquired it on level 15 of the Dungeon)

   [amulet of regeneration]

   rC+:       It protects you from cold.
   rElec:     It insulates you from electricity.
   Will+:     It increases your willpower.
   Regen+:    It increases your rate of health regeneration.
 E - the ring of Cet Xaph (left hand) {Will+ Str+6 Dex+3}
   (You took it off a tengu warrior on level 3 of the Depths)

   [ring of willpower]

   Str+6:     It affects your strength (+6).
   Dex+3:     It affects your dexterity (+3).
   Will+:     It increases your willpower.
 O - a ring of resist corrosion
Wands
 N - a wand of digging (14)
 Q - a wand of roots (27)
 W - a wand of acid (18)
Scrolls
 l - 4 scrolls of fear
 t - 4 scrolls of fog
 u - 7 scrolls of revelation
 w - 11 scrolls of teleportation
 x - 3 scrolls of silence
 R - 5 scrolls of blinking
 S - 3 scrolls of immolation
 U - 6 scrolls of vulnerability
Potions
 b - 2 potions of might
 d - a potion of resistance
 h - 7 potions of mutation
 j - 3 potions of haste
 k - 7 potions of enlightenment
 r - 11 potions of heal wounds
 v - 16 potions of curing
 z - 6 potions of attraction
 C - 4 potions of invisibility
 D - 4 potions of ambrosia
 H - a potion of magic
Miscellaneous
 B - a phial of floods


   Skills:
 - Level 22.0 Fighting
 * Level 13.0 Throwing
 - Level 22.0 Armour
 - Level 22.0 Dodging
 - Level 3.0 Stealth
 - Level 22.0 Shields
 - Level 22.0 Unarmed Combat
 - Level 12.0 Invocations
 - Level 4.0 Evocations


You had 26 spell levels left.
You didn't know any spells.
Your spell library contained the following spells:

 Spells                   Type           Power      Damage    Failure   Level
 Apportation              Tloc           0%         N/A       99%         1
 Foxfire                  Conj/Fire      0%         2x1d4     99%         1
 Freeze                   Ice            0%         1d3       99%         1
 Shock                    Conj/Air       0%         1d3       99%         1
 Slow                     Hex            0%         N/A       99%         1
 Ensorcelled Hibernation  Hex/Ice        0%         N/A       100%        2
 Jinxbite                 Hex            0%         N/A       100%        2
 Mercury Vapours          Alch/Air       0%         N/A       100%        2
 Scorch                   Fire           0%         2d5       100%        2
 Confusing Touch          Hex            0%         N/A       100%        3
 Dazzling Flash           Conj/Hex       0%         N/A       100%        3
 Frozen Ramparts          Ice            0%         1d1       100%        3
 Hailstorm                Conj/Ice       0%         3d5       100%        3
 Inner Flame              Hex/Fire       0%         N/A       100%        3
 Ozocubu's Armour         Ice            0%         N/A       100%        3
 Sigil of Binding         Hex            0%         N/A       100%        3
 Vampiric Draining        Necr           0%         2d6       100%        3
 Volatile Blastmotes      Fire/Tloc      0%         2d10      100%        3
 Brom's Barrelling Bould  Conj/Erth      0%         2d3       100%        4
 Dimensional Bullseye     Hex/Tloc       0%         N/A       100%        4
 Flame Wave               Conj/Fire      0%         2d4       100%        4
 Fulminant Prism          Conj/Alch      0%         3d5       100%        4
 Ignite Poison            Fire/Alch      0%         N/A       100%        4
 Iskenderun's Mystic Bla  Conj/Tloc      0%         2d3       100%        4
 Leda's Liquefaction      Alch/Erth      0%         N/A       100%        4
 Manifold Assault         Tloc           0%         N/A       100%        4
 Passage of Golubria      Tloc           0%         N/A       100%        4
 Petrify                  Alch/Erth      0%         N/A       100%        4
 Vhi's Electric Charge    Tloc/Air       0%         N/A       100%        4
 Alistair's Intoxication  Alch           0%         N/A       100%        5
 Arcjolt                  Conj/Air       0%         1d10      100%        5
 Fireball                 Conj/Fire      0%         3d3       100%        5
 Irradiate                Conj/Alch      0%         3d11      100%        5
 Iskenderun's Battlesphe  Conj           0%         2d6       100%        5
 Metabolic Englaciation   Hex/Ice        0%         N/A       100%        5
 Yara's Violent Unravell  Hex/Alch       0%         3d3       100%        5
 Conjure Ball Lightning   Conj/Air       0%         3x3d6     100%        6
 Eringya's Noxious Bog    Alch           0%         4d6       100%        6
 Plasma Beam              Fire/Air       0%         2x1d10    100%        6
 Starburst                Conj/Fire      0%         6d3       100%        6
 Enfeeble                 Hex            0%         N/A       100%        7
 Orb of Destruction       Conj           0%         9d5       100%        7
 Ignition                 Fire           0%         3d3       100%        8
 Chain Lightning          Conj/Air       0%         N/A       100%        9
 Fire Storm               Conj/Fire      0%         5d1       100%        9
 Polar Vortex             Ice            0%         N/A       100%        9
 Shatter                  Erth           0%         3d5*      100%        9
 Call Canine Familiar     Summ           Unusable   N/A       N/A         3
 Tukima's Dance           Hex            Unusable   N/A       N/A         3
 Summon Forest            Summ/Tloc      Unusable   N/A       N/A         5
 Sculpt Simulacrum        Ice/Alch       Unusable   N/A       N/A         6
 Summon Cactus Giant      Summ           Unusable   N/A       N/A         6
 Malign Gateway           Summ/Tloc      Unusable   N/A       N/A         7
 Summon Hydra             Summ           Unusable   N/A       N/A         7

Dungeon Overview and Level Annotations

Branches:
Dungeon (15/15)            Temple (1/1) D:5            Lair (5/5) D:11
 Shoals (4/4) Lair:3        Snake (4/4) Lair:2        Slime (5/5) Lair:4
    Orc (2/2) D:12            Elf (0/3) Orc:2        Vaults (5/5) D:13
  Crypt (0/3) Vaults:2     Depths (4/4) D:15            Zot (5/5) Depths:4

Altars:
Ashenzari
Cheibriados
Dithmenos
Elyvilon
Fedhas
Gozag
Hepliaklqana
Kikubaaqudgha
Makhleb
Nemelex Xobeh
Okawaru
Qazlal
Ru
Sif Muna
Trog
Uskayaw
Vehumet
Wu Jian
Xom
Yredelemnul
Zin
The Shining One
Beogh
Jiyva

Shops:
D:5 (   D:13 :   Orc:2 ([[   Shoals:1 ?   Snake:2 (:   Vaults:3 *[
Vaults:5 ![

Portals:
Hell: Depths:1 Depths:2 Depths:3 Depths:4
Abyss: Depths:3
Pandemonium: Depths:2
Ziggurat: Depths:1

Annotations:
Depths:3 exclusion: 2 doors
Depths:4 1 runed translucent door, exclusion: door


Innate Abilities, Weirdness & Mutations

You are partially covered in iridescent scales. (AC +2)
Your flesh is cold resistant. (rC+)
You are very frail. (-20% HP)
Your system is resistant to poisons. (rPois)


Message History

Danger: glowing orange brain |T2| Reason: OOD monster, careful!
The glowing orange brain pulsates.
Something gnaws on your mind!
You feel your power leaking away.
You pummel the glowing orange brain!!
The glowing orange brain is moderately wounded.
You pummel the glowing orange brain like a punching bag!!!
The glowing orange brain is almost dead.
You beat the glowing orange brain into a bloody pulp!!!
You kill the glowing orange brain!
Okawaru accepts your kill.
(D) Dungeon (T) Temple (L) Lair (A) Shoals (P) Snake Pit (M) Slime Pits (O) Orcish Mines (E) Elven Halls (V) Vaults (C) Crypt (U) Depths (H) Hell (Z) Zot
Where to? (Tab/Enter - D:1 @ (x,y), ? - help) HP restored.
You see here 5 stones.
There is a stone staircase leading up here.
You fly upwards.
There is a stone staircase leading down here.
There is a stone staircase leading up here.
You fly upwards.
There is a stone staircase leading down here.
Magic restored.
A smoke demon comes into view.
The smoke demon gestures at you. Something smites you!
There is an open door here.
There is a stone staircase leading up here.
You fly upwards.
There is a stone staircase leading down here.
Unknown command.
(D) Dungeon (T) Temple (L) Lair (A) Shoals (P) Snake Pit (M) Slime Pits (O) Orcish Mines (E) Elven Halls (V) Vaults (C) Crypt (U) Depths (H) Hell (Z) Zot
Where to? (Tab/Enter - D:1 @ (x,y), ? - help)
There is a staircase leading out of the dungeon here.
You have escaped!

#.# #.# ########## #.#
##........##### #.#
#.............# #.#
#...#########.# #.#####
#.#...........#####......
#.#.................####.
#.#.....@......####....#.
###.#............####.##...
#...................#.####.
#.###.#########..##.#.####.
#.# #............##.#......
####.###.>.########......#####
#..........# ### ####.######
#.##.##....###.### #.......#
#.##.............# #..####.##


There were no monsters in sight!

Vanquished Creatures
  the Royal Jelly (Slime:5)
  3 dread liches
  A pandemonium lord (D:15)
  Tiamat (Zot:2)
  2 ancient liches
  3 orbs of fire (Zot:5)
  Josephina (Zot:4)
  3 Killer Klowns (Zot:5)
  10 caustic shrikes (Depths:3)
  2 curse toes
  Vashnia (Snake:2)
  11 golden dragons
  3 electric golems
  A Tzitzimitl (D:15)
  14 tentacled monstrosities
  Jorgrun (Snake:3)
  22 Orb Guardians
  2 liches
  3 titans (Vaults:5)
  2 Executioners
  6 sphinxes
  A kraken (Shoals:1)
  6 quicksilver dragons
  13 acid blobs
  Frances (Shoals:1)
  Polyphemus (Shoals:2)
  10 death cobs
  22 storm dragons
  The ghost of Taelin the Grappler, an adept TrEE of Vehumet (Snake:2)
  Roxanne (Snake:4)
  14 tengu reavers
  11 azure jellies
  4 draconian knights
  11 shadow dragons
  Aizul (Snake:1)
  4 protean progenitors
  5 rockslimes (Slime:5)
  9 nagarajas
  8 frost giants
  2 deep elf sorcerers (Vaults:5)
  A demonspawn warmonger (D:15)
  11 draconian monks
  11 fire giants
  4 draconian shifters
  A ghost moth (Zot:3)
  19 vault wardens
  5 draconian scorchers
  Louise (D:15)
  A cacodemon (D:11)
  An angel (Depths:4)
  6 draconian stormcallers
  2 balrugs
  3 reapers
  15 ironbound preservers
  An orc warlord (Vaults:2)
  2 spriggan defenders (Depths:3)
  8 draconian annihilators
  7 quicksilver oozes
  36 stone giants
  2 broodmothers (Zot:4)
  9 very ugly things
  9 ironbound thunderhulks
  2 deep elf demonologists
  2 deep elf annihilators (Vaults:5)
  10 green draconians
  16 dire elephants
  16 black draconians
  3 deep elf death magi (Vaults:5)
  15 white draconians
  9 purple draconians
  Nessos (D:15)
  6 war gargoyles
  9 spark wasps
  12 red draconians
  8 yellow draconians
  The ghost of VoidStrider the Thaumaturge, a journeyman OnFE of Sif Muna (Lair:3)
  9 ettins
  Snorg (Lair:4)
  6 merfolk javelineers
  6 merfolk impalers
  A blizzard demon (Depths:3)
  A crystal guardian (Vaults:4)
  24 yaktaur captains
  10 fire dragons
  7 deep elf high priests
  13 great orbs of eyes
  34 vault guards
  3 entropy weavers
  9 ice dragons
  4 salamander tyrants
  3 rakshasas (Depths:1)
  6 ironbound frosthearts
  2 hydras (Lair:2)
  5 spriggan air magi
  2 hell beasts
  3 catoblepae
  A merfolk avatar (Shoals:4)
  6 ogre magi
  Fannar (Lair:1)
  4 peacekeepers
  16 anacondas
  An alligator snapping turtle (Shoals:3)
  2 merfolk aquamancers
  21 two-headed ogres
  Erica (D:9)
  19 centaur warriors
  7 deep troll shamans
  4 boulder beetles
  4 dancing weapons (Depths:4)
  11 death yaks
  5 hell hogs
  A vampire mage (Depths:2)
  4 satyrs
  8 deep troll earth magi
  18 tengu warriors
  13 naga warriors
  5 shock serpents (Snake:2)
  5 spriggan berserkers
  14 naga sharpshooters
  A spriggan (Depths:3)
  A deep elf knight (Vaults:5)
  3 hell knights (Depths:2)
  A storm dragon zombie (Vaults:5)
  9 sun demons
  6 soul eaters
  A spectral death yak (Lair:5)
  A shadow wraith (Depths:3)
  3 skeletal warriors (Depths:3)
  16 iron trolls
  6 salamander mystics
  A quicksilver dragon simulacrum (Depths:3)
  17 sea snakes
  6 skysharks
  2 sixfirhies (D:11)
  2 shadow demons
  A spectral anaconda (Lair:5)
  A flayed ghost (Vaults:5)
  The ghost of tmcgee265 the Covert, a novice OpBr of Okawaru (D:6)
  9 glowing orange brains
  9 mana vipers
  42 deep trolls
  5 steelbarb worms (Zot:5)
  7 arcanists
  3 naga ritualists
  5 harpies (Shoals:3)
  8 lindwurms (Vaults:1)
  3 orc knights
  An obsidian statue (Lair:5)
  4 phantasmal warriors
  2 deep elf zephyrmancers (Vaults:5)
  8 necromancers
  2 deep elf pyromancers
  24 ironbound convokers
  24 ugly things
  18 moths of wrath
  2 shining eyes (Slime:5)
  A stone giant zombie (Depths:1)
  23 cyclopes
  2 orc sorcerers
  24 manticores
  17 fauns
  An iron dragon zombie (Depths:1)
  A tengu skeleton (Vaults:5)
  A fire giant zombie (Depths:1)
  17 salamanders
  30 elephants
  11 merfolk sirens
  A human skeleton (Vaults:1)
  A kobold blastminer (Orc:1)
  19 vault sentinels
  2 water nymphs
  An ice statue (Depths:3)
  9 guardian serpents
  20 naga magi
  2 smoke demons (Depths:2)
  36 black mambas
  2 cane toads (shapeshifter)
  3 orange demons
  A dire elephant skeleton (Lair:5)
  15 cane toads
  31 yaktaurs
  A hellion (D:11)
  9 rime drakes
  2 unseen horrors
  5 freezing wraiths
  12 komodo dragons
  Maggie (D:9)
  Jeremiah (D:7)
  2 ice devils
  A komodo dragon (shapeshifter) (Depths:4)
  2 tengu conjurers
  An efreet (D:8)
  3 golden dragon simulacra
  A kobold demonologist (D:14)
  Psyche (D:8)
  10 trolls
  A spriggan skeleton (Depths:1)
  13 polar bears
  2 red devils
  21 merfolk
  3 hornets
  Prince Ribbit (D:6)
  27 blink frogs
  2 tarantellas (Vaults:4)
  4 snapping turtles
  2 glass eyes
  13 dream sheep
  A human simulacrum (Vaults:1)
  4 wind drakes
  A frost giant simulacrum (Vaults:1)
  A jumping spider (Vaults:4)
  A centaur simulacrum (D:15)
  2 shadows
  10 water elementals
  53 slime creatures
  A culicivora (Vaults:4)
  5 wyverns
  Eustachio (D:5)
  2 wargs (Orc:1)
  2 wraiths
  A vampire (D:9)
  30 yaks
  4 basilisks
  A steam dragon (D:7)
  An elf skeleton (Vaults:5)
  2 redbacks (Vaults:4)
  Grum (D:10)
  19 vampire mosquitoes
  53 nagas
  3 acid dragons
  5 hell hounds (Depths:4)
  2 human zombies
  2 hydra simulacra (Lair:3)
  2 moth of wrath simulacra (Zot:4)
  17 water moccasins
  Duvessa (D:7)
  A sky beast (D:6)
  10 black bears
  21 orc warriors
  2 swamp drakes
  An elephant zombie (Lair:5)
  An ice beast (D:7)
  28 wolves
  An ettin simulacrum (Depths:3)
  31 ogres
  3 boggarts (Vaults:2)
  2 laughing skulls (D:14)
  14 centaurs
  A crocodile (shapeshifter) (D:15)
  2 elephant skeletons (Lair:5)
  6 kobold brigands
  15 bullfrogs
  2 skyshark simulacra (Lair:3)
  A gnoll sergeant (D:10)
  10 scorpions
  5 wights
  Dowan (D:7)
  10 killer bees
  A dream sheep simulacrum (Lair:3)
  An electric eel (Snake:2)
  A howler monkey (D:9)
  A komodo dragon simulacrum (Lair:3)
  11 jellies
  15 orc priests
  A hound (D:7)
  2 sleepcaps
  5 iguanas
  6 hell rats
  22 orc wizards
  14 gnolls
  9 adders
  2 shadow imps
  4 ufetubi
  2 dart slugs
  75 orcs
  A bat (D:1)
  21 endoplasms
  5 giant cockroaches
  2 goblins
  8 hobgoblins
  6 jackals
  A quokka (D:1)
  12 ball pythons
  A frilled lizard (D:3)
  26 kobolds
  7 rats
  An aspiring flesh (Zot:5)
  3 tentacles (Shoals:1)
2132 creatures vanquished.

Vanquished Creatures (collateral kills)
  A merfolk impaler (Shoals:4)
  An anaconda (Snake:3)
  A merfolk aquamancer (Shoals:4)
  2 naga warriors (Snake:4)
  3 naga sharpshooters
  3 deep trolls (Vaults:4)
  2 naga ritualists
  2 mana vipers (Snake:2)
  2 orc knights (Vaults:2)
  2 salamanders (Snake:4)
  A naga mage (Snake:4)
  4 black mambas
  3 nagas
27 creatures vanquished.

Vanquished Creatures (others)
  An ancient lich (Zot:5)
  An orb of fire (Zot:5)
  A draconian knight (Zot:2)
  A quicksilver dragon simulacrum (Depths:3)
  A vault sentinel (Vaults:5)
  A polar bear (Vaults:5)
  A moth of wrath simulacrum (Zot:4)
  3 ettin simulacra (Depths:3)
  An ogre (Vaults:5)
  A bombardier beetle (D:4)
  A kobold (D:8)
  3 tentacles (Shoals:1)
16 creatures vanquished.

Grand Total: 2175 creatures vanquished

Notes
Turn   | Place    | Note
-------+----------+-------------------------------------------
     0 | D:1      | Implojin the Hill Orc Berserker began the quest for the
                  | Orb.
     0 | D:1      | Reached XP level 1. HP: 19/19 MP: 1/1
    34 | D:1      | Reached XP level 2. HP: 19/26 MP: 2/2
   487 | D:1      | Reached ** piety under Trog
   657 | D:1      | Reached XP level 3. HP: 29/31 MP: 3/3
   859 | D:1      | Found a faded altar of an unknown god.
  1159 | D:2      | Reached skill level 5 in Unarmed Combat
  1159 | D:2      | Reached XP level 4. HP: 12/39 MP: 4/4
  2113 | D:3      | Reached XP level 5. HP: 39/45 MP: 5/5
  3235 | D:4      | Reached XP level 6. HP: 51/51 MP: 6/6
  3673 | D:4      | Reached *** piety under Trog
  3787 | D:4      | Identified the +1 leather armour of Ycsitt {*Slow Int+4
                  | Dex+5}
  4056 | D:5      | Entered Level 5 of the Dungeon
  4077 | D:5      | Found a staircase to the Ecumenical Temple.
  4232 | D:5      | Reached skill level 5 in Fighting
  4232 | D:5      | Reached XP level 7. HP: 61/61 MP: 7/7
  4587 | D:5      | Found Isunebyf's Weapon Shop.
  4736 | D:5      | Noticed Eustachio
  4747 | D:5      | Killed Eustachio
  4794 | D:5      | Reached XP level 8. HP: 73/73 MP: 8/8
  5112 | D:6      | Found a runed translucent gate.
  5115 | D:6      | Found a runed translucent gate.
  5115 | D:6      | Found a runed translucent gate.
  5116 | D:6      | Noticed tmcgee265's ghost (novice OpBr)
  5118 | D:6      | Found a roughly hewn altar of Beogh.
  5261 | D:6      | Noticed a wyvern
  5272 | D:6      | Killed a wyvern
  5337 | D:6      | Noticed a troll
  5347 | D:6      | Killed a troll
  5348 | D:6      | Reached skill level 10 in Unarmed Combat
  5628 | D:6      | Noticed Prince Ribbit
  5667 | D:6      | Killed Prince Ribbit
  5668 | D:6      | Reached XP level 9. HP: 50/84 MP: 9/9
  5851 | D:6      | Reached skill level 10 in Fighting
  5907 | D:6      | Reached skill level 1 in Evocations
  5922 | D:6      | Reached skill level 5 in Armour
  6437 | D:7      | Reached XP level 10. HP: 79/93 MP: 10/10
  6499 | D:7      | Found a snail-covered altar of Cheibriados.
  6792 | D:7      | Noticed Duvessa
  6793 | D:7      | Noticed Dowan
  6813 | D:7      | Killed Duvessa
  6814 | D:7      | Reached skill level 1 in Stealth
  6941 | D:7      | Found a shadowy altar of Dithmenos.
  6976 | D:7      | Noticed Jeremiah
  7018 | D:7      | Killed Jeremiah
  7118 | D:7      | Killed Dowan
  7553 | D:7      | Found a radiant altar of Vehumet.
  7872 | D:8      | Noticed Psyche
  7880 | D:8      | Killed Psyche
  8231 | D:8      | Found a hazy altar of Hepliaklqana.
  8231 | D:8      | Noticed a two-headed ogre
  8237 | D:8      | Killed a two-headed ogre
  8318 | D:8      | Found a blossoming altar of Fedhas.
  8385 | D:8      | Reached **** piety under Trog
  8889 | D:8      | Found a bloodstained altar of Trog.
  8895 | D:8      | Found a shimmering blue altar of Sif Muna.
  9120 | D:8      | Reached skill level 1 in Throwing
  9384 | D:8      | Noticed a boulder beetle
  9389 | D:8      | Noticed a deep elf pyromancer
  9389 | D:8      | Noticed a two-headed ogre
  9389 | D:8      | Noticed a centaur warrior
  9404 | D:8      | Killed a boulder beetle
  9405 | D:8      | Reached XP level 11. HP: 62/99 MP: 11/11
  9408 | D:8      | Killed a two-headed ogre
  9409 | D:8      | Reached skill level 5 in Throwing
  9412 | D:8      | Killed a deep elf pyromancer
  9443 | D:8      | Noticed a manticore
  9443 | D:8      | Noticed a centaur warrior
  9454 | D:8      | Killed a centaur warrior
  9455 | D:8      | Noticed a catoblepas
  9700 | D:8      | Killed a manticore
  9710 | D:8      | Killed a catoblepas
  9865 | D:8      | Killed a centaur warrior
 10368 | D:9      | Noticed Maggie
 10370 | D:9      | Noticed a two-headed ogre
 10373 | D:9      | Killed Maggie
 10379 | D:9      | Killed a two-headed ogre
 10425 | D:9      | Noticed a centaur warrior
 10430 | D:9      | Killed a centaur warrior
 10567 | D:9      | Found a basalt altar of Yredelemnul.
 10671 | D:9      | Noticed Erica
 10690 | D:9      | Killed Erica
 10691 | D:9      | Reached XP level 12. HP: 112/112 MP: 12/12
 11072 | D:10     | Entered Level 10 of the Dungeon
 11112 | D:10     | Noticed Grum
 11123 | D:10     | Killed Grum
 11533 | D:10     | Paralysed by a hornet for 1 turns
 11846 | D:10     | Found a burning altar of Makhleb.
 11945 | D:10     | Found a stormy altar of Qazlal.
 12401 | D:11     | Noticed a two-headed ogre
 12411 | D:11     | Killed a two-headed ogre
 12412 | D:11     | Reached skill level 15 in Unarmed Combat
 12560 | D:11     | Found a staircase to the Lair.
 13416 | Lair:1   | Entered Level 1 of the Lair of Beasts
 13423 | Lair:1   | Noticed a boulder beetle
 13527 | Lair:1   | Reached ***** piety under Trog
 13751 | Lair:1   | Killed a boulder beetle
 13761 | Lair:1   | Noticed Fannar
 13791 | Lair:1   | Gained mutation: You are partially covered in iridescent
                  | scales. (AC +2) [potion of mutation]
 13791 | Lair:1   | Gained mutation: You are mostly covered in iridescent
                  | scales. (AC +4) [potion of mutation]
 13791 | Lair:1   | Gained mutation: You are frail. (-10% HP) [potion of
                  | mutation]
 13791 | Lair:1   | Gained mutation: You have hidden genetic potential. [potion
                  | of mutation]
 13816 | Lair:1   | Reached XP level 13. HP: 107/107 MP: 13/13
 13863 | Lair:1   | Killed Fannar
 15779 | Lair:2   | Reached skill level 15 in Fighting
 16037 | Lair:2   | Found a staircase to the Snake Pit.
 16851 | Lair:3   | Found a staircase to the Shoals.
 16879 | Lair:3   | Gained mutation: You have a pair of small antennae on your
                  | head. [hidden potential]
 17182 | Lair:3   | Reached skill level 10 in Armour
 17330 | Lair:3   | Found a runed translucent gate.
 17330 | Lair:3   | Found a runed translucent gate.
 17330 | Lair:3   | Found a runed translucent gate.
 17396 | Lair:3   | Noticed VoidStrider's ghost (journeyman OnFE)
 18469 | Lair:4   | Noticed Snorg
 18491 | Lair:4   | Killed Snorg
 18500 | Lair:4   | Reached XP level 14. HP: 121/121 MP: 14/14
 19742 | Lair:4   | Found a viscous altar of Jiyva.
 19742 | Lair:4   | Found a staircase to the Slime Pits.
 20661 | Lair:5   | Entered Level 5 of the Lair of Beasts
 21106 | Lair:4   | Gained mutation: You passively dampen the noise of your
                  | surroundings. [hidden potential]
 21106 | Lair:4   | Lost mutation: You have hidden genetic potential. [hidden
                  | potential expressed]
 21546 | Lair:5   | Received a gift from Trog
 21743 | Lair:4   | Reached skill level 15 in Armour
 23756 | Lair:5   | Noticed a dire elephant
 23907 | Lair:5   | Reached XP level 15. HP: 124/126 MP: 15/15
 24032 | Lair:5   | Identified the +2 scimitar of the Feeding Dragonfly {heavy,
                  | rF++}
 24595 | Lair:5   | Received a gift from Trog
 24854 | Lair:3   | Killed VoidStrider's ghost
 25249 | D:6      | Killed tmcgee265's ghost
 26372 | D:12     | Reached ****** piety under Trog
 26382 | D:12     | Received a gift from Trog
 26392 | D:12     | Found a staircase to the Orcish Mines.
 27084 | D:13     | Found Cakeb's Book Boutique.
 27942 | D:13     | Found a gate to the Vaults.
 28952 | D:14     | Found an opulent altar of Gozag.
 29244 | D:14     | Identified the +2 scale mail "Osui" {rF- Int+4 Dex+8}
 29765 | D:15     | Entered Level 15 of the Dungeon
 30560 | D:15     | Received a gift from Trog
 30762 | D:15     | Noticed Nessos
 30775 | D:15     | Reached XP level 16. HP: 118/139 MP: 16/16
 30776 | D:15     | Killed Nessos
 31178 | D:15     | Noticed Louise
 31197 | D:15     | Killed Louise
 31414 | D:15     | Noticed a tengu reaver
 31610 | D:15     | Reached skill level 1 in Shields
 31649 | D:15     | Identified a scroll of acquirement
 31650 | D:15     | Acquired the amulet "Deupp" {rElec rC+ Will+ Regen+}
 31672 | D:15     | Found a staircase to the Depths.
 31804 | D:15     | Killed a tengu reaver
 32210 | Orc:1    | Entered Level 1 of the Orcish Mines
 32245 | Orc:1    | Reached skill level 5 in Shields
 32751 | Orc:2    | Entered Level 2 of the Orcish Mines
 32909 | Orc:2    | Received a gift from Trog
 33402 | Orc:2    | Found a staircase to the Elven Halls.
 33431 | Orc:2    | Found Otsava's Antique Weapon Shoppe.
 33431 | Orc:2    | Found Siqarav's Weapon Boutique.
 33431 | Orc:2    | Found Garicet's Armour Boutique.
 33431 | Orc:2    | Found Oxtexitt's Antique Armour Emporium.
 34080 | Snake:1  | Entered Level 1 of the Snake Pit
 34080 | Snake:1  | Identified the serpent talisman "Romiebb" {rElec rCorr
                  | Str+3 Int+3}
 34080 | Snake:1  | Noticed Aizul
 34200 | Snake:1  | Killed Aizul
 34201 | Snake:1  | Reached skill level 10 in Shields
 35534 | Snake:2  | Identified the +0 plate armour "Eggewk" {rC++ MP+9 Str-3
                  | Stlth+}
 35669 | Snake:2  | Reached XP level 17. HP: 124/144 MP: 17/17
 36053 | Snake:2  | Found a runed translucent gate.
 36053 | Snake:2  | Found a runed translucent gate.
 36054 | Snake:2  | Found a runed translucent gate.
 36055 | Snake:2  | Noticed Taelin's ghost (adept TrEE)
 36218 | Snake:2  | Received a gift from Trog
 36432 | Snake:2  | Noticed Vashnia
 36598 | Snake:2  | Killed Vashnia
 36736 | Snake:2  | Found Fiugrurph's Antique Weapon Emporium.
 36874 | Snake:2  | Found Detsifo's Self-Improvement Boutique.
 36894 | Snake:2  | Bought a manual of Shields for 1280 gold pieces
 37005 | Snake:3  | Noticed Jorgrun
 37021 | Snake:3  | Killed Jorgrun
 37040 | Snake:2  | Reached skill level 15 in Shields
 37412 | Snake:3  | Received a gift from Trog
 37991 | Snake:4  | Entered Level 4 of the Snake Pit
 38102 | Snake:4  | Found a glowing silver altar of Zin.
 38102 | Snake:4  | Noticed Roxanne
 38578 | Snake:4  | Reached XP level 18. HP: 152/152 MP: 18/18
 38879 | Snake:4  | Found a snail-covered altar of Cheibriados.
 38928 | Snake:4  | Received a gift from Trog
 39090 | Snake:4  | Identified the +1 cloak of the Distant Future {Harm Int+2}
 39323 | Snake:4  | Killed Roxanne
 39791 | Snake:4  | Got a serpentine rune of Zot
 40264 | Snake:1  | Received a gift from Trog
 40288 | Snake:2  | Killed Taelin's ghost
 40323 | Snake:2  | Identified the +8 longbow "Usmuefia" {flame, *Corrode rN+
                  | Str+3 Dex+3}
 40399 | Shoals:1 | Entered Level 1 of the Shoals
 40613 | Shoals:1 | You are sucked into a shaft and drop 1 floor!
 40613 | Shoals:2 | Noticed Polyphemus
 40627 | Shoals:2 | Killed Polyphemus
 40980 | Shoals:2 | Reached XP level 19. HP: 146/159 MP: 19/19
 41227 | Shoals:2 | Found a glowing golden altar of the Shining One.
 41995 | Shoals:3 | Received a gift from Trog
 42787 | Shoals:4 | Entered Level 4 of the Shoals
 42951 | Shoals:4 | Got a barnacled rune of Zot
 43168 | Shoals:4 | Received a gift from Trog
 44101 | Shoals:1 | Found Hyttyan's Magic Scroll Shoppe.
 44118 | Shoals:1 | Bought a scroll of teleportation for 42 gold pieces
 44118 | Shoals:1 | Bought a scroll of blinking for 105 gold pieces
 44118 | Shoals:1 | Bought a scroll of butterflies for 56 gold pieces
 44367 | Shoals:1 | Noticed Frances
 44386 | Shoals:1 | Killed Frances
 45018 | Vaults:1 | Entered Level 1 of the Vaults
 45910 | Vaults:1 | Reached XP level 20. HP: 169/170 MP: 16/20
 45984 | Vaults:1 | Received a gift from Trog
 47043 | Vaults:2 | Received a gift from Trog
 47430 | Vaults:2 | Reached skill level 5 in Dodging
 48061 | Vaults:2 | Found a staircase to the Crypt.
 48061 | Vaults:2 | Found an ancient bone altar of Kikubaaqudgha.
 48061 | Vaults:2 | Found a basalt altar of Yredelemnul.
 48957 | Vaults:3 | Found Femolu's Assorted Antiques.
 48971 | Vaults:3 | Bought an embroidered hat for 259 gold pieces
 49208 | Vaults:3 | Received a gift from Trog
 49270 | Vaults:3 | Noticed an ancient lich
 49279 | Vaults:3 | Killed an ancient lich
 49280 | Vaults:3 | Reached XP level 21. HP: 174/180 MP: 21/21
 49358 | Vaults:3 | Identified the +1 scale mail of Oxigi {rF- rC++ rN+ Int+3}
 49404 | Vaults:3 | Found Gutaminn's Armour Boutique.
 49797 | Vaults:3 | Reached skill level 10 in Dodging
 50668 | Vaults:4 | Received a gift from Trog
 51548 | Vaults:4 | Received a gift from Trog
 52636 | Temple   | Entered the Ecumenical Temple
 52654 | Temple   | Fell from the grace of Trog
 52654 | Temple   | Became a worshipper of Warmaster Okawaru
 52934 | Depths:1 | Entered Level 1 of the Depths
 52959 | Depths:1 | Reached skill level 1 in Invocations
 53063 | Depths:1 | Reached XP level 22. HP: 188/188 MP: 22/24
 53349 | Depths:1 | Reached skill level 5 in Invocations
 53418 | Depths:1 | Found a one-way gateway to a ziggurat.
 53508 | Depths:1 | Reached * piety under Okawaru
 53704 | Depths:1 | Found a gateway to Hell.
 54463 | Depths:2 | Reached ** piety under Okawaru
 54999 | Depths:2 | Paralysed by Trog for 2 turns
 55003 | Depths:2 | Reached skill level 10 in Invocations
 55342 | Depths:2 | Found a one-way gate leading to the halls of Pandemonium.
 55554 | Depths:3 | Found a blossoming altar of Fedhas.
 55556 | Depths:3 | Found a one-way gate to the infinite horrors of the Abyss.
 55570 | Depths:3 | Reached *** piety under Okawaru
 55578 | Depths:3 | Noticed a caustic shrike
 55579 | Depths:3 | Noticed a caustic shrike
 55598 | Depths:3 | Killed a caustic shrike
 55602 | Depths:3 | Noticed a caustic shrike
 55602 | Depths:3 | Noticed a caustic shrike
 55603 | Depths:3 | Noticed a caustic shrike
 55603 | Depths:3 | Noticed a caustic shrike
 55999 | Depths:3 | Found a sacrificial altar of Ru.
 56035 | Depths:3 | Reached **** piety under Okawaru
 56110 | Depths:3 | Identified the +6 morningstar of Unpleasantness {elec,
                  | rElec rC++}
 56159 | Depths:3 | Noticed a caustic shrike
 56159 | Depths:3 | Noticed a caustic shrike
 56161 | Depths:3 | Noticed a caustic shrike
 56161 | Depths:3 | Noticed a caustic shrike
 56168 | Depths:3 | Noticed a caustic shrike
 56174 | Depths:3 | Killed a caustic shrike
 56194 | Depths:3 | Killed a caustic shrike
 56202 | Depths:3 | Killed a caustic shrike
 56212 | Depths:3 | Killed a caustic shrike
 56218 | Depths:3 | Killed a caustic shrike
 56243 | Depths:3 | Reached ***** piety under Okawaru
 56343 | Depths:3 | Noticed a golden dragon
 56365 | Depths:3 | Killed a golden dragon
 56366 | Depths:3 | Reached XP level 23. HP: 77/193 MP: 32/32
 56413 | Depths:3 | Killed a caustic shrike
 56419 | Depths:3 | Killed a caustic shrike
 56432 | Depths:3 | Killed a caustic shrike
 56566 | Depths:3 | Identified the +3 leather armour of Kochiuc {Will+ Str-5
                  | Slay+3 SInv}
 56599 | Depths:3 | Received a gift from Okawaru
 56688 | Depths:3 | Found a stormy altar of Qazlal.
 56695 | Depths:3 | Identified the ring of Cet Xaph {Will+ Str+6 Dex+3}
 56702 | Depths:3 | Killed a caustic shrike
 56726 | Depths:3 | Reached skill level 10 in Throwing
 56848 | Depths:3 | Identified the +2 leather armour "Cookezud" {rPois}
 57011 | Depths:3 | Noticed a golden dragon
 57098 | Depths:3 | Found a hazy altar of Hepliaklqana.
 57641 | Depths:4 | Entered Level 4 of the Depths
 57899 | Depths:4 | Noticed a golden dragon
 57917 | Depths:4 | Killed a golden dragon
 58034 | Depths:4 | Noticed a golden dragon
 58039 | Depths:4 | Killed a golden dragon
 58155 | Depths:4 | Noticed a juggernaut
 58161 | Depths:4 | Found a runed translucent door.
 58161 | Depths:4 | Noticed a juggernaut
 58161 | Depths:4 | Noticed a caustic shrike
 58170 | Depths:4 | Noticed a juggernaut
 58725 | Depths:4 | Found a shimmering altar of Xom.
 58867 | Depths:4 | Paralysed by Trog for 2 turns
 59456 | Depths:4 | Identified the +9 rapier "Ubufrecobi" {heavy, rPois rC+++
                  | Will+ Stlth-}
 59487 | Depths:4 | Reached skill level 15 in Dodging
 59577 | Depths:4 | Found a gate to the Realm of Zot.
 59578 | Depths:4 | Found a stormy altar of Qazlal.
 59602 | Depths:4 | Got the Discursus on Freezing and Impurities
 60142 | Vaults:5 | Entered Level 5 of the Vaults
 60224 | Vaults:5 | Reached XP level 24. HP: 199/201 MP: 30/32
 60453 | Vaults:5 | Received a gift from Okawaru
 60501 | Vaults:5 | Identified the +10 scimitar "Xeiruho" {elec, *Slow rN+++
                  | Will+ Stlth+}
 60517 | Vaults:5 | Identified the +0 robe of the Equator {Int+2 Dex+7 SInv}
 60542 | Vaults:5 | Got a silver rune of Zot
 60957 | Vaults:5 | Found Fegixa's Distillery.
 60981 | Vaults:5 | Bought a potion of invisibility for 112 gold pieces
 60981 | Vaults:5 | Bought a potion of heal wounds for 70 gold pieces
 60981 | Vaults:5 | Bought a potion of curing for 42 gold pieces
 60981 | Vaults:5 | Bought a potion of enlightenment for 70 gold pieces
 60981 | Vaults:5 | Bought a potion of mutation for 112 gold pieces
 60981 | Vaults:5 | Bought a potion of enlightenment for 70 gold pieces
 60986 | Vaults:5 | Found Johath's Antique Armour Shop.
 61171 | Vaults:5 | Found the macabre finger necklace {Finger+ rN+}
 61291 | Vaults:5 | Got the Meditations on Vexatious Dislocation
 61304 | Vaults:5 | Received a gift from Okawaru
 61712 | Vaults:5 | Paralysed by Trog for 6 turns
 61781 | Vaults:5 | Noticed a dread lich
 61800 | Vaults:5 | Killed a dread lich
 61854 | Vaults:5 | Identified the +0 helmet of Byompoil {Str+3}
 62313 | Vaults:5 | Identified the staff "Cijap" {Summ Earth}
 63076 | Slime:1  | Entered Level 1 of the Pits of Slime
 63144 | Slime:5  | Entered Level 5 of the Pits of Slime
 63205 | Slime:5  | Found a viscous altar of Jiyva.
 63222 | Slime:5  | Noticed the Royal Jelly
 63239 | Slime:5  | Reached XP level 25. HP: 169/207 MP: 31/32
 63280 | Slime:5  | Killed the Royal Jelly
 63367 | Slime:5  | Got Qor Guah's Treatise on the Snowflakes and Reformation
 63382 | Slime:5  | Got a slimy rune of Zot
 63384 | Slime:5  | Got a starry gem with 381 turns to spare
 63393 | Slime:5  | Found the +8 arc blade {discharge, rElec}
 63401 | Slime:5  | Identified the +7 long sword "Leviticus" {venom, rC+ Str+2
                  | Int+6 Dex-2}
 63438 | Slime:5  | Identified the +8 spear of Lemuyffo {venom, rC+ SInv
                  | Stlth+}
 63449 | Slime:5  | Identified the staff of Dried Tears {Fly rC+ Str+3 Dex+3
                  | Hexes Ice}
 64067 | Zot:1    | Entered Level 1 of the Realm of Zot
 64360 | Zot:1    | Was forgiven by Trog
 64552 | Zot:1    | You are sucked into a shaft and drop 1 floor!
 65610 | Zot:2    | Found the +4 dragonskin cloak
 65610 | Zot:2    | Noticed Tiamat
 65675 | Zot:2    | Killed Tiamat
 66176 | Zot:1    | Received a gift from Okawaru
 67153 | Zot:3    | Reached XP level 26. HP: 214/216 MP: 32/32
 67666 | Zot:3    | Received a gift from Okawaru
 67968 | Zot:4    | Got the Folio of Hazy Chilblains
 68139 | Zot:4    | Identified the ring "Geor" {Ice rPois}
 68139 | Zot:4    | Noticed Josephina
 68167 | Zot:4    | Killed Josephina
 68815 | Zot:5    | Entered Level 5 of the Realm of Zot
 68963 | Zot:5    | Received a gift from Okawaru
 69224 | Zot:5    | Noticed a Killer Klown
 69248 | Zot:5    | Killed a Killer Klown
 69380 | Zot:5    | Noticed an ancient lich
 69404 | Zot:5    | Killed an ancient lich
 69436 | Zot:5    | Noticed an orb of fire
 69437 | Zot:5    | Gained mutation: You are very frail. (-20% HP) [an orb of
                  | fire]
 69439 | Zot:5    | Noticed an orb of fire
 69445 | Zot:5    | Gained mutation: You sometimes lose your temper in combat.
                  | [an orb of fire]
 69454 | Zot:5    | Killed an orb of fire
 69512 | Zot:5    | Gained mutation: You are weak. (Str -2) [an orb of fire]
 69520 | Zot:5    | Killed an orb of fire
 69611 | Zot:5    | Noticed a Killer Klown
 69657 | Zot:5    | Killed a Killer Klown
 69723 | Zot:5    | Reached XP level 27. HP: 203/203 MP: 27/32
 69739 | Zot:5    | Lost mutation: You passively dampen the noise of your
                  | surroundings. [potion of mutation]
 69739 | Zot:5    | Lost mutation: You have a pair of small antennae on your
                  | head. [potion of mutation]
 69739 | Zot:5    | Lost mutation: You sometimes lose your temper in combat.
                  | [potion of mutation]
 69739 | Zot:5    | Gained mutation: Your flesh is cold resistant. (rC+)
                  | [potion of mutation]
 69739 | Zot:5    | Gained mutation: Your system is resistant to poisons.
                  | (rPois) [potion of mutation]
 69740 | Zot:5    | Lost mutation: Your system is resistant to poisons. (rPois)
                  | [potion of mutation]
 69740 | Zot:5    | Lost mutation: You are mostly covered in iridescent scales.
                  | (AC +4) [potion of mutation]
 69740 | Zot:5    | Gained mutation: Your system is resistant to poisons.
                  | (rPois) [potion of mutation]
 69740 | Zot:5    | Lost mutation: You are weak. (Str -2) [potion of mutation]
 69755 | Zot:5    | Noticed an orb of fire
 69778 | Zot:5    | Killed an orb of fire
 69796 | Zot:5    | Noticed an orb of fire
 69806 | Zot:5    | Noticed a dread lich
 69823 | Zot:5    | Killed a dread lich
 69824 | Zot:5    | Killed an orb of fire
 69829 | Zot:5    | Noticed an ancient lich
 69849 | Zot:5    | Killed an ancient lich
 69862 | Zot:5    | Noticed a dread lich
 69875 | Zot:5    | Killed a dread lich
 69885 | Zot:5    | Got the Orb of Zot
 69932 | Zot:5    | Noticed Hauf Mogg the pandemonium lord
 70318 | D:15     | Noticed Veojo the pandemonium lord
 70328 | D:15     | Killed Veojo the pandemonium lord
 70507 | D:11     | Noticed Xoaxtain the pandemonium lord
 70694 | D:$      | Escaped with the Orb!

Illustrated notes

Levels and vault maps discovered:
D:1:      minmay_arrival_semitransparent, layout_loops_cross,
          hellmonk_ecumenical_altar_slurped_away
D:2:      layout_basic, kennysheep_nondescript, lemuel_flame_loot_1
D:3:      layout_basic
D:4:      layout_loops_ring, minivault_11
D:5:      layout_loops_ring, minmay_temple_entry_arrows, serial_shops,
          nicolae_shop_pleasant_corner_grove, uniq_eustachio
D:6:      layout_basic, biasface_ghost_orc_armoury, kennysheep_cluttered_room,
          uniq_prince_ribbit1
D:7:      layout_cave_pools, mainiacjoe_overflow_brackets,
          mainiacjoe_overflow_big_doors, uniq_duvessa, uniq_jeremiah
D:8:      minmay_the_grid_triangle_9x9_rhombus_thin
          [minmay_the_grid_triangle_9x9_shrine,
          minmay_the_grid_triangle_9x9_prize_insulated,
          minmay_the_grid_triangle_9x9_thin_v,
          minmay_the_grid_triangle_9x9_longest], layout_basic,
          hellmonk_overflow_destroyed_library, mainiacjoe_overflow_swirl,
          uniq_psyche
D:9:      layout_rooms, yredelemnul_altar_generic, nzn_life_drinkers,
          uniq_maggie, uniq_erica
D:10:     layout_basic, mainiacjoe_overflow_catwalk_spiral, uniq_grum
D:11:     layout_long_grid, erik_lair_dragon
D:12:     layout_stronghold, hiddenorc2_lemuel, kennysheep_doodads
D:13:     layout_basic, david_vaults_4, serial_shops,
          nicolae_shop_advertising_works [nicolae_subvault_shop_adworks]
D:14:     layout_layer_cave, grunt_gozag_statues
D:15:     hellmonk_depths_entry_around_the_bend, layout_loops_corners,
          grunt_decor_clamped, uniq_louise, uniq_nessos
Temple:   hellmonk_temple_forest_ring
Lair:1:   layout_small_grid, hibernation_bobbens, uniq_fannar
Lair:2:   layout_cave_pods, guppyfry_snake_entry_garden
Lair:3:   layout_long_grid, minmay_shoals_entry_centaurs, gammafunk_ghost_icy
Lair:4:   lemuel_slime, layout_regular_city, nicolae_slime_entry_slimehenge,
          chequers_serial_rivers_micro_b, minivault_27, minivault_26,
          chequers_serial_rivers_large_b, uniq_snorg
Lair:5:   due_jungle_book, layout_small_grid
Shoals:1: layout_shoals, serial_shops, shop, uniq_frances
Shoals:2: layout_shoals, lemuel_centaur_altar, uniq_polyphemus
Shoals:3: layout_shoals
Shoals:4: shoals_end_simple, layout_shoals
Snake:1:  layout_gridlike, uniq_aizul
Snake:2:  layout_honeycomb, gammafunk_ghost_split, serial_shops, shop,
          serial_bayou_lagoon_a, nicolae_shop_self_help, uniq_vashnia
Snake:3:  layout_grid_shapes, uniq_jorgrun
Snake:4:  johnstein_snake_rune_scales, layout_misc_corridors,
          hangedman_feature_mirror, guppyfry_snake_island, lemuel_fruit_tree,
          uniq_roxanne
Slime:1:  layout_caves
Slime:2:  layout_caves, basic_altar
Slime:3:  layout_caves, cheibrodos_slime_lost_civilization_6
Slime:4:  layout_caves, basic_altar
Slime:5:  slime_pit_nicolae_amoeboid
Orc:1:    layout_diamond_mine, basic_altar, einodemon_barbed_minivault
Orc:2:    st_orc_ogre_mass, layout_caves
Vaults:1: nicolae_vaults_hallways_thing, nicolae_vaults_trapezoid_lopsided_4,
          nicolae_vaults_tetromino_T_2, nicolae_vaults_apartment_2, v_misc_31,
          v_misc_33, v_misc_27, vaults_room_pools,
          nicolae_vaults_little_squares_5, dpeg_vaults_pockets_of_resistance,
          nicolae_vaults_offset_grid_hallway_2, vaults_room_pools,
          nicolae_vaults_specimen_jars, vaults_dpeg_spiral,
          layout_vaults_omnicross
Vaults:2: minmay_crypt_entry_necro_gods, v_misc_2,
          nicolae_vaults_little_squares_2, nicolae_vaults_circle_grid_b,
          nicolae_vaults_storage_closets_2, hangedman_vaults_trim,
          nicolae_vaults_little_squares_6, nicolae_vaults_closet_pinwheel_3,
          nicolae_vaults_little_squares_4, layout_vaults_omnigrid
Vaults:3: nicolae_vaults_cornered_office, nicolae_vaults_halls_meeting,
          nicolae_vaults_prndl, grunt_vaults_focal,
          nicolae_vaults_doubleplus_tesselated, dpeg_vaults_monster_box,
          ontoclasm_vaults_hangar, v_misc_14, nicolae_vaults_double_plus_1,
          v_pattern_4, nicolae_vaults_border_crossing,
          nicolae_vaults_closet_pinwheel_2, layout_vaults_big_room,
          serial_shops, shop_fountains
Vaults:4: v_rooms_1, nicolae_vaults_closet_pinwheel_5,
          hangedman_vaults_river_flow, ontoclasm_vaults_eye,
          nicolae_vaults_enemy_cabinets, nicolae_vaults_tangram_2,
          nicolae_vaults_hexular_roomagon, nicolae_vaults_little_squares_1,
          nicolae_vaults_heart-shaped_vault, layout_vaults_omnibox
Vaults:5
Depths:1: layout_small_grid, enter_ziggurat_a, pf_coc_iceberg,
          chequers_serial_rivers_micro_a, kennysheep_generic_room_14,
          grunt_megastairs_1
Depths:2: minmay_bubble_buster, layout_basic, hellmouth_3,
          rand_demon_pan_entry_4, columned_hall_lemuel, minmay_crystal_room
Depths:3: grunt_profane_halls [grunt_profane_loot, grunt_profane_temple_geh,
          grunt_profane_temple_tar, grunt_profane_temple_coc,
          grunt_profane_temple_dis], hell_entry, abyss_entry
Depths:4: regret_index_qazlal_generations, layout_basic,
          pf_dread_powers_of_hell, regret_index_xom_buried_treasure,
          minmay_misc_feat_doors, minmay_st_funbox
Zot:1:    layout_gridville, hangedman_zot_gyre, hangedman_zot_decor_scrapings
Zot:2:    layout_gridlike, uniq_tiamat, uniq_grunn
Zot:3:    layout_gridville
Zot:4:    layout_onion_interference, uniq_josephina
Zot:5:    layout_misc_corridors

Skill      XL: |  1  2  3  4  5  6  7  8  9 10 11 12 13 14 15 16 17 18 19 20 21 22 23 24 25 26 27 |
---------------+----------------------------------------------------------------------------------+-----
Unarmed Combat | 4 5 6 7 8 10 12 14 17 18 20 22 | 22.0
Fighting       | 5 7 9 10 12 15 17 18 20 22 | 22.0
Armour         | 7 8 12 15 16 19 20 22 | 22.0
Evocations     | 4 |  4.0
Stealth        | 3 |  3.0
Throwing       | 4 5 8 10 13 | 13.0
Shields        | 12 19 20 21 22 | 22.0
Dodging        | 8 12 15 18 20 21 22 | 22.0
Invocations    | 2 12 | 12.0

Action                     |  1- 3 |  4- 6 |  7- 9 | 10-12 | 13-15 | 16-18 | 19-21 | 22-24 | 25-27 || total
---------------------------+-------+-------+-------+-------+-------+-------+-------+-------+-------++-------
  Melee: Unarmed           |    74 |   168 |   156 |   561 |  1341 |  1722 |  2068 |  2306 |  1697 || 10093
         Punch             |     3 |     8 |     7 |    50 |   185 |     3 |       |       |       ||   256
  Throw: Javelin           |     4 |     4 |     1 |       |       |       |     2 |     6 |    24 ||    41
         Boomerang         |       |       |    16 |    11 |    50 |     1 |       |   128 |    36 ||   242
         Dart              |       |       |       |    48 |    57 |    57 |       |       |       ||   162
 Invoke: Berserk           |     1 |     6 |     8 |    13 |     8 |     9 |     1 |       |       ||    46
         Trog's Hand       |       |       |     1 |     1 |     1 |     3 |     1 |       |       ||     7
         Brothers in Arms  |       |       |       |     1 |       |     8 |     3 |       |       ||    12
         Heroism           |       |       |       |       |       |       |       |    31 |    26 ||    57
         Finesse           |       |       |       |       |       |       |       |     4 |     7 ||    11
  Evoke: Wand              |       |     1 |     3 |     5 |     1 |     2 |       |       |     1 ||    13
    Use: Potion            |       |     1 |     1 |    12 |       |     6 |     1 |     4 |    13 ||    38
         Scroll            |       |     5 |     5 |     8 |     6 |    11 |     1 |    11 |    14 ||    61
   Stab: Paralysed         |       |     3 |     7 |    15 |       |       |       |       |       ||    25
         Invisible         |       |       |     3 |     5 |     1 |       |       |       |       ||     9
         Distracted        |       |       |       |     1 |       |     2 |     1 |     1 |       ||     5
         Sleeping          |       |       |       |       |       |     4 |       |       |       ||     4
         Petrified         |       |       |       |       |       |     5 |       |       |       ||     5
 Armour: Animal skin       |    34 |       |       |       |       |       |       |       |       ||    34
         Leather armour    |     7 |     3 |       |       |       |       |       |       |       ||    10
         Chain mail        |       |    86 |     2 |       |       |       |       |       |       ||    88
         Plate armour      |       |       |   105 |   491 |  1163 |   251 |  1109 |   869 |    43 ||  4031
         Skin              |       |       |       |    20 |     1 |       |       |       |       ||    21
         Swamp dragon scal |       |       |       |       |       |   618 |    26 |       |       ||   644
         Fire dragon scale |       |       |       |       |       |       |       |     6 |    49 ||    55
         Gold dragon scale |       |       |       |       |       |       |       |       |   569 ||   569
  Dodge: Dodged            |    49 |    43 |    45 |   138 |   415 |   308 |   449 |   625 |   665 ||  2737
         Repelled          |       |       |       |     1 |     2 |       |       |       |       ||     3
  Block: Other             |     3 |    33 |    28 |   101 |   235 |     1 |       |       |       ||   401
         Reflection        |       |     1 |     1 |     6 |    11 |       |       |       |       ||    19
         Tower shield      |       |       |       |       |       |  1662 |  2634 |  2369 |  1770 ||  8435

Table legend: (Time is in decaauts)
 A = Elapsed time spent in this place.
 B = Non-inter-level travel time spent in this place.
 C = Inter-level travel time spent in this place.
 D = Time resting spent in this place.
 E = Time spent auto-exploring this place.
 F = Levels seen in this place.
 G = Mean time per level.
                   A        B        C        D        E       F      G
               +--------+--------+--------+--------+--------+-----+--------+
         Total |  67766 |  62608 |   5158 |   5296 |  39240 |  50 | 1355.3 |
       Dungeon |  22391 |  19706 |   2685 |   1660 |  14167 |  15 | 1492.7 |
        Temple |     36 |      2 |     34 |      0 |      0 |   1 |   36.0 |
          Lair |  11747 |  11085 |    662 |   2647 |   6393 |   5 | 2349.4 |
        Shoals |   4253 |   4116 |    137 |     66 |   2606 |   4 | 1063.2 |
     Snake Pit |   5943 |   5800 |    143 |    289 |   3197 |   4 | 1485.8 |
    Slime Pits |    352 |    352 |      0 |      0 |      0 |   5 |   70.4 |
  Orcish Mines |   1673 |   1585 |     88 |     66 |    854 |   2 |  836.5 |
        Vaults |   9448 |   8819 |    629 |     34 |   5698 |   5 | 1889.6 |
        Depths |   6743 |   6186 |    557 |    374 |   3510 |   4 | 1685.8 |
           Zot |   5175 |   4956 |    219 |    159 |   2813 |   5 | 1035.0 |
               +--------+--------+--------+--------+--------+-----+--------+

Top non-repeatable levels by time:
  Lair:5: 2973 daAuts
  Lair:4: 2950 daAuts
    D:15: 2628 daAuts
     D:8: 2623 daAuts
  Lair:2: 2182 daAuts
Depths:4: 2156 daAuts
    D:14: 2078 daAuts
  Lair:3: 2078 daAuts
 Snake:4: 2032 daAuts
Vaults:4: 1987 daAuts
Vaults:2: 1970 daAuts
Vaults:5: 1967 daAuts
Depths:3: 1944 daAuts
 Snake:2: 1879 daAuts
Vaults:3: 1849 daAuts
